[Event "Titled Tuesday Blitz June 27 Early 2023"]
[White "Kushko, Dmitriy"]
[Black "Skuhala, Jernej"]
[WhiteFideId "14162261"]
[BlackFideId "14605651"]
[WhiteElo "2815"]
[BlackElo "2601"]
[Result "0-1"]
[Round "4"]
[TimeControl "180+2"]
[Date "2023.06.27"]
[WhiteClock "0:00:12"]
[BlackClock "0:02:00"]
[Board "53"]

1. Nf3 Nf6 2. g3 e6 3. Bg2 d5 4. O-O Be7 5. d3 c5 6. Bf4 Nc6 7. a4 b6 8. e4 Bb7 9. e5 Nd7 10. h4 Qc7 11. Qe2 h6 12. h5 O-O-O 13. Nc3 a6 14. Bh3 Kb8 15. Nxd5 Nd4 16. Nxd4 Bxd5 17. Nb3 g5 18. hxg6 fxg6 19. c4 Bb7 20. Bxe6 g5 21. Bd2 Nxe5 22. Bd5 Rxd5 23. cxd5 Bxd5 24. f4 Nc6 25. Bc3 Rg8 26. Nd2 gxf4 27. g4 f3 28. Nxf3 Rxg4+ 29. Kf2 Qg3+ 30. Ke3 Bg5# 0-1


[Site "https://www.chess.com"]

[Event "Titled Tuesday Blitz June 27 Early 2023"]
[White "Ohanyan, Emin"]
[Black "Niekras, Dawid"]
[WhiteFideId "13312022"]
[BlackFideId "1160451"]
[WhiteElo "2809"]
[BlackElo "2600"]
[Result "1-0"]
[Round "4"]
[TimeControl "180+2"]
[Date "2023.06.27"]
[WhiteClock "0:00:12"]
[BlackClock "0:00:02"]
[Board "54"]

1. e4 c5 2. Nf3 d6 3. d4 cxd4 4. Nxd4 Nf6 5. Nc3 a6 6. Bc4 e6 7. Bb3 Nbd7 8. f4 Nc5 9. f5 b5 10. fxe6 fxe6 11. O-O Bd7 12. a3 Nxb3 13. Nxb3 Qb6+ 14. Kh1 Be7 15. Qd3 O-O 16. Be3 Qc7 17. Rad1 Rac8 18. Bg5 h6 19. Bh4 Qc4 20. Qxc4 Rxc4 21. Bxf6 Rxf6 22. Rxf6 gxf6 23. Kg1 Kf7 24. Kf2 Bf8 25. Nd2 Rc8 26. Ke3 Ke7 27. Nf3 h5 28. h3 Bh6+ 29. Ke2 Rg8 30. Kf2 Bc6 31. Nd4 Bb7 32. g3 h4 33. g4 Bf4 34. Nf3 Bg3+ 35. Ke3 Rc8 36. Nd4 Rc7 37. Nf3 Rc8 38. Ra1 Bc6 39. Rg1 Bd7 40. Rf1 a5 41. Nd4 b4 42. axb4 axb4 43. Nce2 Be5 44. Rc1 Ra8 45. b3 Ra2 46. Nf3 Bc8 47. Nxh4 Bb7 48. Nf3 Bb2 49. Rb1 Ba3 50. Ne1 Ba6 51. Nc1 Bxc1+ 52. Rxc1 d5 53. exd5 exd5 54. h4 Kd6 55. Nf3 Bb5 56. Nd4 Bd7 57. Kf4 Ra8 58. Nf5+ Kc5 59. h5 d4 60. Rd1 Bxf5 61. Kxf5 Ra2 62. h6 Rxc2 63. Rh1 Rf2+ 64. Kg6 Rg2 65. h7 Rxg4+ 66. Kxf6 Rf4+ 67. Ke5 Rf8 68. h8=Q Rxh8 69. Rxh8 1-0


[Site "https://www.chess.com"]

[Event "Titled Tuesday Blitz June 27 Early 2023"]
[White "Sethuraman, S.P."]
[Black "Ibadov, Dashgyn"]
[WhiteFideId "5021596"]
[BlackFideId "24107514"]
[WhiteElo "2809"]
[BlackElo "2596"]
[Result "1-0"]
[Round "4"]
[TimeControl "180+2"]
[Date "2023.06.27"]
[WhiteClock "0:00:38"]
[BlackClock "0:01:04"]
[Board "55"]

1. d4 Nf6 2. c4 c5 3. d5 d6 4. Nc3 g6 5. e4 Bg7 6. Bd3 O-O 7. Bg5 h6 8. Be3 e6 9. h3 exd5 10. exd5 Re8 11. Qd2 b5 12. Nxb5 Ne4 13. Bxe4 Rxe4 14. Rc1 a6 15. Nc3 Rxc4 16. Nge2 Qh4 17. b3 Rb4 18. Bf4 Nd7 19. Bxd6 Nf6 20. Bg3 Qh5 21. O-O Bf5 22. d6 Rd8 23. Rfd1 Nd7 24. Nd5 Rb7 25. Nef4 Qg5 26. h4 Qg4 27. Ne7+ Kh7 28. Qd5 Nf6 29. Qxb7 Ne4 30. Nxf5 gxf5 31. Qxf7 Nxg3 32. fxg3 Qxg3 33. Qxf5+ Kh8 34. Ng6+ Kg8 35. Ne7+ Kh8 36. Qf4 Qxf4 37. Ng6+ Kh7 38. Nxf4 Bd4+ 39. Rxd4 cxd4 40. Rc7+ Kg8 41. d7 Kf7 42. Kf2 Ke7 43. g3 a5 44. Ra7 Rb8 45. Ke2 a4 46. Rxa4 Kxd7 47. Rxd4+ 1-0


[Site "https://www.chess.com"]

[Event "Titled Tuesday Blitz June 27 Early 2023"]
[White "Moiseenko, Alexander"]
[Black "Kumsiashvili, Nikoloz"]
[WhiteFideId "14102560"]
[BlackFideId "13600621"]
[WhiteElo "2809"]
[BlackElo "2592"]
[Result "1-0"]
[Round "4"]
[TimeControl "180+2"]
[Date "2023.06.27"]
[WhiteClock "0:01:37"]
[BlackClock "0:00:48"]
[Board "56"]

1. d4 Nf6 2. Bg5 e6 3. e4 h6 4. Bxf6 Qxf6 5. c3 d6 6. Bd3 e5 7. Ne2 Be7 8. O-O Nc6 9. Bc2 g5 10. Na3 O-O 11. Nc4 Qg7 12. Ne3 Bf6 13. d5 Ne7 14. Ng3 Qg6 15. h3 Bd7 16. Ba4 b5 17. Bc2 Kg7 18. Qf3 Kg8 19. a4 a6 20. axb5 axb5 21. Bd3 Bg7 22. Rfd1 Rfb8 23. Nef5 Nxf5 24. exf5 Qf6 25. Nh5 Qe7 26. f6 e4 27. Bxe4 Qe5 28. Nxg7 1-0


[Site "https://www.chess.com"]

[Event "Titled Tuesday Blitz June 27 Early 2023"]
[White "Zavgorodniy, Sergiy"]
[Black "Avinash Ramesh"]
[WhiteFideId "14110148"]
[BlackFideId "45018340"]
[WhiteElo "2582"]
[BlackElo "2800"]
[Result "1-0"]
[Round "4"]
[TimeControl "180+2"]
[Date "2023.06.27"]
[WhiteClock "0:01:13"]
[BlackClock "0:01:06"]
[Board "57"]

1. d4 Nf6 2. c4 e6 3. Nf3 d5 4. e3 Be7 5. Nbd2 O-O 6. Bd3 b6 7. O-O Bb7 8. Qe2 Nbd7 9. e4 dxe4 10. Nxe4 Nxe4 11. Bxe4 Bxe4 12. Qxe4 c5 13. Rd1 Nf6 14. Qe2 cxd4 15. Nxd4 Qc7 16. b3 Rad8 17. Bb2 a6 18. Rd3 Bc5 19. Rad1 e5 20. Nf5 Rxd3 21. Qxd3 e4 22. Qg3 Qxg3 23. hxg3 Ng4 24. Bxg7 Nxf2 25. Rd7 e3 26. Bc3 Re8 27. Nh6+ Kf8 28. Rxf7# 1-0


[Site "https://www.chess.com"]

[Event "Titled Tuesday Blitz June 27 Early 2023"]
[White "Iskusnyh, Sergei"]
[Black "Vakhlamov, Igor L."]
[WhiteFideId "4120027"]
[BlackFideId "24126748"]
[WhiteElo "2580"]
[BlackElo "2792"]
[Result "1-0"]
[Round "4"]
[TimeControl "180+2"]
[Date "2023.06.27"]
[WhiteClock "0:00:03"]
[BlackClock "0:00:00"]
[Board "58"]

1. d4 d5 2. c4 e6 3. Nc3 c5 4. cxd5 cxd4 5. Qa4+ Bd7 6. Qxd4 exd5 7. Qxd5 Nf6 8. Qb3 Bc5 9. Nf3 O-O 10. Bf4 Nc6 11. e3 Nb4 12. a3 Be6 13. Qd1 Nbd5 14. Be5 Qb6 15. Nxd5 Nxd5 16. Be2 Rfd8 17. Qa4 Bxe3 18. fxe3 Nxe3 19. Bd4 Rxd4 20. Nxd4 Rd8 21. Nxe6 Nxg2+ 22. Kf1 Ne3+ 23. Ke1 fxe6 24. Qe4 Qxb2 25. Rb1 Nc2+ 26. Kf2 Rf8+ 27. Kg3 Qc3+ 28. Bf3 Nd4 29. Rhf1 Qd2 30. Rbd1 Qg5+ 31. Bg4 Nf5+ 32. Kh3 Qh6+ 33. Kg2 Ne3+ 34. Kg1 Nxf1 35. Qxe6+ Qxe6 36. Bxe6+ Kh8 37. Rxf1 Re8 38. Bd5 g6 39. Bxb7 Re7 40. Bc6 Re6 41. Bb5 Re5 42. a4 Kg7 43. Rc1 Re7 44. Rd1 Kf6 45. Rd7 Rxd7 46. Bxd7 Ke7 47. Bb5 Kd6 48. Kf2 Ke5 49. Kg3 Kf5 50. Bd3+ Kg5 51. Kf3 Kh4 52. Bf1 Kh5 53. Kf4 Kh4 54. Ke4 Kg4 55. h3+ Kg3 56. Ke3 g5 57. Ke2 h6 58. a5 h5 59. a6 h4 60. Ke3 1-0


[Site "https://www.chess.com"]

[Event "Titled Tuesday Blitz June 27 Early 2023"]
[White "Gunina, Valentina"]
[Black "Gontcharov, Vladislav"]
[WhiteFideId "4167570"]
[BlackFideId "4123492"]
[WhiteElo "2791"]
[BlackElo "2576"]
[Result "1-0"]
[Round "4"]
[TimeControl "180+2"]
[Date "2023.06.27"]
[WhiteClock "0:01:22"]
[BlackClock "0:00:02"]
[Board "59"]

1. d4 Nf6 2. c4 c5 3. d5 e6 4. Nc3 exd5 5. cxd5 d6 6. e4 g6 7. Nf3 Bg7 8. Nd2 O-O 9. Be2 Re8 10. O-O Na6 11. Re1 Nc7 12. a4 b6 13. f3 Rb8 14. Nb5 a6 15. Na7 Bb7 16. Nc4 b5 17. Na5 Qd7 18. N7c6 Bxc6 19. Nxc6 Ra8 20. Bf1 Nfxd5 21. exd5 Rxe1 22. Qxe1 bxa4 23. Bc4 Re8 24. Qd1 Nb5 25. Qxa4 Nd4 26. Bf4 Qf5 27. Bxd6 Nxf3+ 28. gxf3 Qxf3 29. Qc2 Bh6 30. Qg2 Be3+ 31. Kh1 Qf5 32. Ne7+ Rxe7 33. Bxe7 1-0


[Site "https://www.chess.com"]

[Event "Titled Tuesday Blitz June 27 Early 2023"]
[White "Sezdbekov, Ruslan"]
[Black "Guerra Tulcan, Lenin"]
[WhiteFideId "13801856"]
[BlackFideId "3601382"]
[WhiteElo "2788"]
[BlackElo "2575"]
[Result "1-0"]
[Round "4"]
[TimeControl "180+2"]
[Date "2023.06.27"]
[WhiteClock "0:00:42"]
[BlackClock "0:00:01"]
[Board "60"]

1. e4 c5 2. Nf3 e6 3. d4 cxd4 4. Nxd4 Nc6 5. Nxc6 bxc6 6. Nc3 e5 7. Be3 Nf6 8. Be2 d6 9. O-O Be7 10. f4 exf4 11. Bxf4 O-O 12. Kh1 Be6 13. Bf3 Qc7 14. a3 Nd7 15. Qe1 Ne5 16. Qg3 Ng6 17. Bg5 Bxg5 18. Qxg5 h6 19. Qg3 Ne5 20. Ne2 Rab8 21. b3 Qe7 22. Nf4 Qg5 23. Qxg5 hxg5 24. Nxe6 fxe6 25. Be2 Rxf1+ 26. Rxf1 Rf8 27. Rxf8+ Kxf8 28. Kg1 Nd7 29. Kf2 Nf6 30. Ke3 Ke7 31. h3 d5 32. exd5 cxd5 33. c4 Kd6 34. cxd5 Nxd5+ 35. Kd2 Kc5 36. Bf3 Nf4 37. Kc3 a5 38. b4+ axb4+ 39. axb4+ Kb5 40. Kb3 e5 41. Kc3 Ne6 42. Be2+ Kb6 43. Bd3 Nf4 44. Be4 Kb5 45. Bf3 Ne6 46. Kd3 Kxb4 47. Ke4 Kc5 48. Kxe5 Nf4 49. Kf5 Kd6 50. Kxg5 Ne6+ 51. Kf5 Ke7 52. h4 Nd4+ 53. Kg6 Kf8 54. Be4 Ne6 55. g3 Nc5 56. Bf5 Kg8 57. Kg5 Nb7 58. Kf4 Nd6 59. Be6+ Kh7 60. Ke5 Ne8 61. Bf5+ Kh6 62. g4 Nf6 63. Kf4 Nxg4 64. Kxg4 g6 65. Bd3 Kh7 66. h5 Kh6 67. hxg6 Kg7 68. Kg5 Kg8 69. Kf6 Kf8 70. g7+ 1-0


[Site "https://www.chess.com"]

[Event "Titled Tuesday Blitz June 27 Early 2023"]
[White "Aloma Vidal, Robert"]
[Black "Harshavardhan G B"]
[WhiteFideId "2260409"]
[BlackFideId "25059009"]
[WhiteElo "2573"]
[BlackElo "2787"]
[Result "0-1"]
[Round "4"]
[TimeControl "180+2"]
[Date "2023.06.27"]
[WhiteClock "0:00:22"]
[BlackClock "0:01:42"]
[Board "61"]

1. e4 e5 2. Nf3 Nc6 3. Bc4 Nf6 4. d4 exd4 5. e5 d5 6. Bb5 Ne4 7. Nxd4 Bd7 8. Bxc6 bxc6 9. O-O Bc5 10. f3 Ng5 11. f4 Ne4 12. Be3 Bb6 13. Nd2 Nxd2 14. Qxd2 c5 15. Nf3 d4 16. Bf2 Bc6 17. Bh4 Qd5 18. Rad1 Kd7 19. c4 Qxc4 20. f5 Kc8 21. e6 Bxf3 22. Rxf3 fxe6 23. b3 Qd5 24. Qe2 e5 25. f6 gxf6 26. Rxf6 Kb7 27. Bg3 Rhe8 28. Kh1 e4 29. Rh6 d3 30. Qf1 e3 31. Qxd3 Qxd3 32. Rxd3 e2 33. Be1 Ba5 34. b4 Bxb4 35. Rb3 Rf8 36. h4 Rf1+ 37. Kh2 Rxe1 0-1


[Site "https://www.chess.com"]

[Event "Titled Tuesday Blitz June 27 Early 2023"]
[White "Weetik, Vjacheslav"]
[Black "WindWhistler11"]
[WhiteFideId "4153472"]
[WhiteElo "2777"]
[BlackElo "2572"]
[Result "1-0"]
[Round "4"]
[TimeControl "180+2"]
[Date "2023.06.27"]
[WhiteClock "0:00:05"]
[BlackClock "0:00:05"]
[Board "62"]

1. d4 f5 2. g3 Nf6 3. Bg2 g6 4. c4 Bg7 5. Nf3 d6 6. Nc3 O-O 7. O-O Nc6 8. d5 Ne5 9. Nxe5 dxe5 10. c5 Qe8 11. Qb3 e6 12. d6 c6 13. Bg5 Nd7 14. Qa3 Rf7 15. b4 e4 16. Rac1 h6 17. Bd2 Ne5 18. Qb3 b5 19. a4 a6 20. Ra1 Rb8 21. axb5 axb5 22. Rfd1 g5 23. f3 Nc4 24. fxe4 f4 25. Be1 Bd4+ 26. Rxd4 e5 27. Rxc4 Be6 28. Nd5 bxc4 29. Qxc4 Kh7 30. Qd3 g4 31. Nc7 Qd7 32. b5 cxb5 33. c6 Qxc6 34. Nxe6 f3 35. exf3 gxf3 36. Bh3 Rf6 37. Bf2 Kh8 38. Qd5 Qxd5 39. exd5 e4 40. Bd4 f2+ 41. Kg2 Kg8 42. Bxf6 b4 43. d7 Kf7 44. d8=Q Rc8 45. Qxc8 1-0


[Site "https://www.chess.com"]

[Event "Titled Tuesday Blitz June 27 Early 2023"]
[White "profedechess93"]
[Black "Maksimovic, Bojan"]
[BlackFideId "14408120"]
[WhiteElo "2572"]
[BlackElo "2773"]
[Result "1/2-1/2"]
[Round "4"]
[TimeControl "180+2"]
[Date "2023.06.27"]
[WhiteClock "0:00:13"]
[BlackClock "0:00:59"]
[Board "63"]

1. e4 g6 2. d4 Nf6 3. Nc3 d5 4. e5 Ne4 5. Bd3 Nxc3 6. bxc3 c5 7. h4 Nc6 8. Be3 c4 9. Be2 h5 10. Qd2 Bg7 11. Nh3 Bf5 12. Nf4 Bh6 13. Rb1 Bxf4 14. Bxf4 Qd7 15. O-O b6 16. Rfe1 Nd8 17. Bg5 Ne6 18. Rbc1 Rd8 19. Qe3 Qa4 20. Kh2 Bxc2 21. Bd1 Bxd1 22. Rexd1 Rd7 23. Rd2 Qa3 24. Re1 Kf8 25. f4 Ng7 26. e6 fxe6 27. f5 gxf5 28. Bh6 Qd6+ 29. Kh1 Kf7 30. Qg5 Rh7 31. Rde2 Rd8 32. Bxg7 Rxg7 33. Qxh5+ Kf6 34. Qh6+ Kf7 35. Rxe6 Qg3 36. Rxe7+ Kg8 37. Qe6+ Kh8 38. Qh6+ Kg8 39. Qe6+ Kh8 40. Qh6+ Kg8 1/2-1/2


[Site "https://www.chess.com"]

[Event "Titled Tuesday Blitz June 27 Early 2023"]
[White "Bryakin, Mikhail"]
[Black "Sreyas Payyappat"]
[WhiteFideId "4165314"]
[BlackFideId "46674969"]
[WhiteElo "2768"]
[BlackElo "2571"]
[Result "1-0"]
[Round "4"]
[TimeControl "180+2"]
[Date "2023.06.27"]
[WhiteClock "0:00:08"]
[BlackClock "0:00:12"]
[Board "64"]

1. c4 c5 2. Nc3 Nc6 3. Nf3 Nf6 4. e3 g6 5. d4 cxd4 6. Nxd4 d5 7. cxd5 Nxd5 8. Nxc6 bxc6 9. Nxd5 cxd5 10. Bb5+ Bd7 11. Qxd5 Rc8 12. Bd2 Bg7 13. Bxd7+ Qxd7 14. Qxd7+ Kxd7 15. Rb1 Rc2 16. Kd1 Rhc8 17. Rc1 Rxb2 18. Rxc8 Kxc8 19. Ke2 Rxa2 20. Rc1+ Kd7 21. Kd3 a5 22. Rc5 a4 23. Ra5 a3 24. g4 Ra1 25. Ra7+ Kd8 26. Ke4 a2 27. h4 Kc8 28. h5 Kb8 29. Ra4 Kb7 30. hxg6 hxg6 31. g5 Kb6 32. Ra5 e6 33. Ra4 Kb5 34. Rb4+ Kc5 35. Ra4 Bb2 36. Kf3 Rd1 37. Rxa2 Rxd2 38. Ra7 f5 39. gxf6 Bxf6 40. Rf7 Be5 41. Re7 Kd6 42. Re8 g5 43. Rd8+ Ke7 44. Rxd2 Kf6 45. Ke4 g4 46. Rd8 g3 47. f4 Bc3 48. Rg8 Be1 49. Kf3 e5 50. e4 exf4 51. Kxf4 Ke6 52. Kf3 Ke5 53. Rg4 Bf2 54. Rg5+ Kf6 55. Rf5+ Ke6 56. Kg2 Be1 57. Rb5 Bf2 58. Kf3 Be1 59. Rd5 Bf2 60. Rd1 Kf6 61. Rd7 Ke6 62. Rg7 Ke5 63. Rg8 Ke6 64. Re8+ Kf6 65. Rf8+ Ke5 66. Rf5+ Ke6 67. Rg5 Kf6 68. Rg4 Ke6 69. Kf4 Kf6 70. e5+ Ke6 71. Rg6+ Kf7 72. Kf5 Ke7 73. e6 Be1 74. Rg4 Bf2 75. Rg7+ Kf8 76. Rg4 Ke7 77. Ke5 Be1 78. Kd5 Kf6 79. Kd6 Bd2 80. Kd7 Bb4 81. Rxg3 1-0


[Site "https://www.chess.com"]

[Event "Titled Tuesday Blitz June 27 Early 2023"]
[White "Kilic, Eray"]
[Black "Janaszak, Dawid"]
[WhiteFideId "44517173"]
[BlackFideId "1119206"]
[WhiteElo "2765"]
[BlackElo "2569"]
[Result "1-0"]
[Round "4"]
[TimeControl "180+2"]
[Date "2023.06.27"]
[WhiteClock "0:02:33"]
[BlackClock "0:00:49"]
[Board "65"]

1. e4 c5 2. Nf3 Nc6 3. Bb5 e5 4. O-O Nge7 5. c3 g6 6. d4 cxd4 7. cxd4 exd4 8. Nxd4 Bg7 9. Nf3 d5 10. exd5 Qxd5 11. Qxd5 Nxd5 12. Re1+ Be6 13. Ng5 Nb4 14. Nxe6 fxe6 15. Rxe6+ Kf7 16. Bc4 Na5 17. Re4+ Nxc4 18. Rxc4 Rac8 19. Rf4+ Ke6 20. Nc3 Bxc3 21. bxc3 Nd3 22. Re4+ Kf5 23. Re3 Rhe8 24. g4+ Kxg4 25. Rxd3 Re1+ 26. Kg2 1-0


[Site "https://www.chess.com"]

[Event "Titled Tuesday Blitz June 27 Early 2023"]
[White "Ozates, Tuna"]
[Black "Halkias, Stelios"]
[WhiteFideId "6354521"]
[BlackFideId "4201809"]
[WhiteElo "2568"]
[BlackElo "2764"]
[Result "0-1"]
[Round "4"]
[TimeControl "180+2"]
[Date "2023.06.27"]
[WhiteClock "0:00:39"]
[BlackClock "0:00:33"]
[Board "66"]

1. e4 c5 2. Nf3 d6 3. d4 cxd4 4. Nxd4 Nf6 5. Nc3 a6 6. Be2 e5 7. Nb3 Be6 8. Be3 Nbd7 9. f3 Rc8 10. Nd5 Bxd5 11. exd5 Nb6 12. Bxb6 Qxb6 13. c4 g6 14. Qd2 h5 15. Qa5 Qe3 16. Qd2 Bh6 17. Qxe3 Bxe3 18. Bd3 O-O 19. Ke2 Bb6 20. Nd2 Nd7 21. b4 f5 22. h4 Rce8 23. Kd1 e4 24. fxe4 Ne5 25. Be2 fxe4 26. Nxe4 Nxc4 27. Ng5 Nb2+ 28. Kd2 Be3+ 29. Ke1 Bxg5 30. hxg5 Re5 31. Rh2 Nd3+ 32. Kd2 Nxb4 33. Bf3 Nxd5 34. Rb1 b5 35. a4 Nb6 36. axb5 axb5 37. Rh4 Nc4+ 38. Kc3 Rxg5 39. Re4 Ne5 40. Re3 Nxf3 41. gxf3 Rgf5 42. Re6 Rxf3+ 43. Kd4 R3f6 44. Re7 R8f7 45. Re8+ Kg7 46. Rxb5 Rf4+ 47. Ke3 Rf3+ 48. Ke2 R3f5 49. Rbb8 Re5+ 50. Rxe5 dxe5 51. Rb5 Kf6 52. Kf3 Kf5 53. Kg3 Rd7 54. Rb3 Rd4 55. Kh3 g5 56. Rf3+ Rf4 57. Ra3 h4 58. Rb3 Kg6 59. Rb6+ Kh5 60. Rb8 Rf3+ 61. Kg2 Rd3 62. Rb4 g4 63. Kh2 h3 64. Re4 Kh4 65. Rxe5 g3+ 0-1


[Site "https://www.chess.com"]

[Event "Titled Tuesday Blitz June 27 Early 2023"]
[White "Ambartsumova, Karina"]
[Black "Panesar Vedant"]
[WhiteFideId "4166299"]
[BlackFideId "35033018"]
[WhiteElo "2566"]
[BlackElo "2751"]
[Result "1-0"]
[Round "4"]
[TimeControl "180+2"]
[Date "2023.06.27"]
[WhiteClock "0:00:12"]
[BlackClock "0:00:07"]
[Board "67"]

1. Nf3 Nf6 2. d4 g6 3. g3 Bg7 4. Bg2 O-O 5. O-O d6 6. b3 e5 7. dxe5 Ng4 8. Bb2 Nc6 9. Qc1 Ngxe5 10. c4 Re8 11. Nc3 Nxf3+ 12. exf3 Nd4 13. Qd2 Bh3 14. Ne4 Bxg2 15. Kxg2 c5 16. Rad1 f5 17. Bxd4 cxd4 18. Ng5 d5 19. Rfe1 Qd7 20. Qd3 Rac8 21. Nh3 dxc4 22. bxc4 Qf7 23. Rxe8+ Rxe8 24. Nf4 Rc8 25. Rc1 Be5 26. Ne2 b6 27. f4 Bf6 28. Rc2 Qb7+ 29. Kg1 Re8 30. Qb3 Qe4 31. c5+ Kh8 32. f3 Qe3+ 33. Qxe3 Rxe3 34. c6 Re8 35. c7 Rc8 36. Nc1 Be7 37. Nd3 Bc5 38. Nxc5 Rxc7 39. Kf2 bxc5 40. Rc4 d3 41. Ke3 Rd7 42. Kd2 Rd5 43. Rc3 Kg7 44. Rxd3 Rxd3+ 45. Kxd3 g5 46. Kc4 gxf4 47. gxf4 Kg6 48. Kxc5 Kh5 49. Kd5 Kh4 50. Ke5 Kh3 51. Kxf5 Kxh2 52. Kg4 Kg2 53. f5 h5+ 54. Kxh5 Kxf3 55. f6 1-0


[Site "https://www.chess.com"]

[Event "Titled Tuesday Blitz June 27 Early 2023"]
[White "Degenbaev, Aziz"]
[Black "Priasmoro, Novendra"]
[WhiteFideId "13802640"]
[BlackFideId "7105029"]
[WhiteElo "2565"]
[BlackElo "2750"]
[Result "0-1"]
[Round "4"]
[TimeControl "180+2"]
[Date "2023.06.27"]
[WhiteClock "0:00:01"]
[BlackClock "0:00:44"]
[Board "68"]

1. e4 c5 2. Nf3 Nc6 3. Bb5 g6 4. O-O Bg7 5. c3 Nf6 6. Re1 O-O 7. h3 e5 8. d3 d6 9. Nbd2 a6 10. Ba4 b5 11. Bc2 h6 12. Nf1 Be6 13. Be3 Qc7 14. a3 Rad8 15. Rc1 Rfe8 16. d4 d5 17. Nxe5 dxe4 18. Nxc6 Qxc6 19. Ng3 h5 20. b4 h4 21. Ne2 cxd4 22. Nxd4 Qxc3 23. Bxe4 Qxa3 24. Bc6 Re7 25. Qd2 Bc4 26. Ra1 Qd3 27. Qxd3 Bxd3 28. Red1 Be4 29. Rxa6 Bxc6 30. Rxc6 Ne4 31. Kf1 Red7 0-1


[Site "https://www.chess.com"]

[Event "Titled Tuesday Blitz June 27 Early 2023"]
[White "NicolaiMaxime"]
[Black "Lorparizangeneh, Shahin"]
[BlackFideId "12521604"]
[WhiteElo "2560"]
[BlackElo "2740"]
[Result "0-1"]
[Round "4"]
[TimeControl "180+2"]
[Date "2023.06.27"]
[WhiteClock "0:00:17"]
[BlackClock "0:01:45"]
[Board "69"]

1. c4 e5 2. Nc3 Bb4 3. Nd5 a5 4. Nxb4 axb4 5. b3 Nf6 6. Bb2 d6 7. g3 O-O 8. Bg2 c5 9. d3 Nc6 10. e3 Re8 11. Ne2 Bf5 12. O-O Qd7 13. d4 exd4 14. exd4 Rad8 15. d5 Ne5 16. Nf4 Ne4 17. Re1 Ng5 18. Bxe5 dxe5 19. Nd3 e4 20. Nxc5 Qc8 21. Qd4 b6 22. Na4 Bh3 23. Bh1 Qf5 24. Qe3 Bg4 25. Bg2 Bf3 26. h4 Bxg2 27. g4 Nf3+ 28. Kxg2 Qxg4+ 29. Kf1 Nh2# 0-1


[Site "https://www.chess.com"]

[Event "Titled Tuesday Blitz June 27 Early 2023"]
[White "chess123456s"]
[Black "Kantor, Gergely"]
[BlackFideId "751499"]
[WhiteElo "2559"]
[BlackElo "2740"]
[Result "1/2-1/2"]
[Round "4"]
[TimeControl "180+2"]
[Date "2023.06.27"]
[WhiteClock "0:00:20"]
[BlackClock "0:00:09"]
[Board "70"]

1. e4 e6 2. d4 d5 3. Bd3 c5 4. exd5 exd5 5. Nf3 c4 6. Be2 Nf6 7. O-O Bd6 8. b3 cxb3 9. axb3 O-O 10. c4 Nc6 11. Na3 Bg4 12. c5 Be7 13. Nc2 Ne4 14. Bb2 f5 15. b4 a6 16. Ne5 Bxe2 17. Qxe2 Bf6 18. f3 Ng5 19. Nxc6 bxc6 20. Rxa6 Re8 21. Rxa8 Rxe2 22. Rxd8+ Bxd8 23. Rf2 Re7 24. Bc1 Ne6 25. Re2 Kf7 26. Kf2 Rb7 27. g3 Bf6 28. Bb2 Nxc5 29. dxc5 Bxb2 30. Re3 d4 31. Rb3 Bc3 32. Ke2 Ke6 33. Kd3 Kd5 34. Rb1 Ra7 35. b5 Rb7 36. bxc6 Rxb1 37. c7 Rd1+ 38. Ke2 Rd2+ 39. Kf1 Rxc2 40. c8=Q d3 41. Qxf5+ Kc4 42. c6 Rc1+ 43. Kg2 d2 44. c7 d1=Q 45. c8=Q+ Kb3 46. Qb7+ Bb4 47. Qbd5+ Qxd5 48. Qxd5+ Kb2 49. Qd3 h6 50. h4 Rc2+ 51. Kh3 Bc3 52. h5 Rd2 53. Qb5+ Kc2 54. Kg4 Bf6 55. Kf5 Kc3 56. g4 Rd4 57. f4 Rc4 58. Qa5+ Kd4 59. Qa7+ Rc5+ 60. Kg6 Kc4 61. Qa2+ Kb5 62. Qb3+ Kc6 63. Qe6+ Kb5 64. Qxf6 gxf6 65. Kxf6 Kc6 66. g5 hxg5 67. fxg5 Kd5 68. h6 Rc6+ 69. Kg7 Rc7+ 70. Kg6 Rc6+ 71. Kh5 Ke6 72. h7 Rc1 73. Kg6 Rh1 74. Kg7 Kf5 75. g6 Kg5 76. Kf7 Kf5 77. Kg7 Kg5 78. Kf7 Kf5 79. g7 Rxh7 80. Kf8 Rxg7 81. Kxg7 1/2-1/2


[Site "https://www.chess.com"]

[Event "Titled Tuesday Blitz June 27 Early 2023"]
[White "Yaksin, Oleg"]
[Black "Tanenbaum, Zachary"]
[WhiteFideId "24105880"]
[BlackFideId "2060850"]
[WhiteElo "2557"]
[BlackElo "2739"]
[Result "0-1"]
[Round "4"]
[TimeControl "180+2"]
[Date "2023.06.27"]
[WhiteClock "0:00:34"]
[BlackClock "0:00:50"]
[Board "71"]

1. d4 d5 2. c4 dxc4 3. Nf3 Nf6 4. e3 Bg4 5. Bxc4 e6 6. O-O Nc6 7. Nc3 Bd6 8. Be2 O-O 9. e4 Bxf3 10. Bxf3 Nxd4 11. Be3 Be5 12. g3 Nxf3+ 13. Qxf3 Bxc3 14. bxc3 Qd3 15. Rfe1 Qxe4 16. Qxe4 Nxe4 17. Bf4 Nxc3 18. Bxc7 Nd5 19. Bd6 Rfd8 20. Ba3 b5 21. Bc5 a5 22. Rab1 b4 23. a3 bxa3 24. Bxa3 Rab8 25. Ra1 Nb4 26. Re5 Rd5 27. Re2 h6 28. Rb1 e5 29. Re4 Rdb5 30. Rc1 R8b7 31. Rc8+ Kh7 32. Ra8 Nc2 33. Bd6 Nd4 34. Kg2 f6 35. h4 h5 36. Re1 Kg6 37. Ra1 Nb3 38. Ra4 Rd5 39. Ba3 Rd4 40. Rxd4 exd4 41. Kf1 d3 42. Ke1 d2+ 43. Kd1 Rc7 44. Rd8 Rc1+ 45. Ke2 Re1+ 46. Kf3 d1=Q+ 0-1


[Site "https://www.chess.com"]

[Event "Titled Tuesday Blitz June 27 Early 2023"]
[White "gau_npukyputb"]
[Black "Fonseca Manrique, Enrique"]
[BlackFideId "5114330"]
[WhiteElo "2736"]
[BlackElo "2555"]
[Result "0-1"]
[Round "4"]
[TimeControl "180+2"]
[Date "2023.06.27"]
[WhiteClock "0:00:06"]
[BlackClock "0:00:15"]
[Board "72"]

1. f4 g6 2. e4 d5 3. exd5 Qxd5 4. Nc3 Qd8 5. d4 Bg7 6. Be3 Nf6 7. Nf3 O-O 8. Qd2 c5 9. dxc5 Nc6 10. Qxd8 Rxd8 11. Bb5 Nb4 12. Ba4 Ng4 13. Ke2 Nxe3 14. Kxe3 Bd7 15. Bb3 a5 16. a3 Na6 17. Rad1 Nxc5 18. Ne5 Be6 19. Bxe6 Nxe6 20. Nd5 Kf8 21. Nb6 Ra6 22. Rxd8+ Nxd8 23. Rd1 Ne6 24. Ned7+ Ke8 25. c3 a4 26. Nc4 Rc6 27. Nce5 Rc7 28. g3 f6 29. Nxg6 hxg6 30. Nb6 Nc5 31. g4 f5 32. Rg1 Kf7 33. h4 Ne4 34. h5 Nf6 35. hxg6+ Kxg6 36. gxf5+ Kf7 37. Nxa4 Bh6 38. Kf3 Rc4 39. b4 Rxf4+ 40. Ke2 Nd5 41. Kd3 Rxf5 42. c4 Nc7 43. Nc5 Rf3+ 44. Ke4 Re3+ 45. Kd4 Rxa3 46. Nxb7 Be3+ 0-1


[Site "https://www.chess.com"]

[Event "Titled Tuesday Blitz June 27 Early 2023"]
[White "Klukin, Kirill"]
[Black "Chos, Alexey"]
[WhiteFideId "24199273"]
[BlackFideId "14117762"]
[WhiteElo "2735"]
[BlackElo "2544"]
[Result "1-0"]
[Round "4"]
[TimeControl "180+2"]
[Date "2023.06.27"]
[WhiteClock "0:00:20"]
[BlackClock "0:00:00"]
[Board "73"]

1. f4 d5 2. Nf3 g6 3. g3 Bg7 4. Bg2 c5 5. O-O Nc6 6. d3 Nf6 7. Nc3 d4 8. Na4 Nd7 9. c4 dxc3 10. Nxc3 O-O 11. Bd2 Nb6 12. b3 Bg4 13. Rc1 Rc8 14. Ne4 Nd4 15. Be3 Nd5 16. Bf2 Bxf3 17. Bxf3 Nxf3+ 18. exf3 b6 19. d4 cxd4 20. Rxc8 Qxc8 21. Bxd4 Bxd4+ 22. Qxd4 Rd8 23. Rd1 Qc2 24. Nc3 e6 25. Qd2 Qf5 26. Ne4 Rf8 27. Qd4 h5 28. Qe5 Qxe5 29. fxe5 Rc8 30. Nf6+ Nxf6 31. exf6 g5 32. Rd7 Rc1+ 33. Kf2 Rc2+ 34. Ke3 Rxa2 35. h4 gxh4 36. gxh4 Ra3 37. Kf4 Rxb3 38. Kg5 1-0


[Site "https://www.chess.com"]

[Event "Titled Tuesday Blitz June 27 Early 2023"]
[White "Boruchovsky, Avital"]
[Black "Ljukin, Sergei"]
[WhiteFideId "2800055"]
[BlackFideId "14102200"]
[WhiteElo "2734"]
[BlackElo "2541"]
[Result "1-0"]
[Round "4"]
[TimeControl "180+2"]
[Date "2023.06.27"]
[WhiteClock "0:00:47"]
[BlackClock "0:00:00"]
[Board "74"]

1. e4 e6 2. Qe2 Be7 3. Nc3 d5 4. d4 Nf6 5. e5 Nfd7 6. Qg4 Kf8 7. Nf3 c5 8. dxc5 Nc6 9. Bf4 Nxc5 10. O-O-O b5 11. Bxb5 Qb6 12. Bxc6 Qxc6 13. Nd4 Qb6 14. Kb1 Rb8 15. Bc1 a5 16. h4 a4 17. h5 h6 18. Rh3 Bd7 19. Rg3 Rg8 20. a3 Nb7 21. Nxd5 exd5 22. Qxd7 Rd8 23. Qf5 Nc5 24. Rf3 f6 25. e6 Rd6 26. Qg6 Nxe6 27. Nxe6+ Rxe6 28. Rxd5 Re1 29. Re3 Rxe3 30. Bxe3 Qa6 31. Rd3 1-0


[Site "https://www.chess.com"]